 Dungeon Crawl Stone Soup version 0.29.0-15-g675c0067aa (webtiles) character file.

Game seed: 13493781403371675518

7827 qw the Blocker (level 11, -12/64 HPs)
             Began as a Gargoyle Fighter on Sept 11, 2022.
             Was a High Priest of Okawaru.
             Mangled by a death knight
             ... wielding a +0 broad axe
              (13 damage)
             ... on level 9 of the Dungeon.
             The game lasted 00:03:53 (9887 turns).

qw the Blocker (Gargoyle Fighter)                   Turns: 9887, Time: 00:03:54

Health: -12/64     AC: 26    Str: 23    XL:     11   Next: 21%
Magic:  17/17      EV:  8    Int: 10    God:    Okawaru [*****.]
Gold:   99         SH: 18    Dex:  9    Spells: 10/10 levels left

rFire   + . .      SeeInvis +   Y - +2 war axe
rCold   . . .      Faith    .   e - +0 tower shield
rNeg    + . .      Spirit   .   k - +0 chain mail
rPois   inf        Reflect  .   a - +2 helmet {SInv}
rElec   +          Harm     .   j - +1 cloak
rCorr   +          Rampage  .   h - +0 pair of gloves
Will    .....                   (no boots)
Stlth   ..........              (no amulet)
HPRegen 0.20/turn               u - ring of protection from fire
MPRegen 0.15/turn               v - ring of resist corrosion

@: about to teleport, heroic
A: sickness immunity, AC +8, negative energy resistance 1, electricity
resistance, torment resistance 1, petrification resistance
a: Renounce Religion, Heroism, Finesse, Duel


You were on level 9 of the Dungeon.
You worshipped Okawaru.
Okawaru was extremely pleased with you.
You visited 2 branches of the dungeon, and saw 10 of its levels.

You collected 389 gold pieces.
You spent 290 gold pieces at shops.


Innate Abilities, Weirdness & Mutations

You are immune to sickness and miasma.
Your stone body is resilient. (AC +8)
You are immune to poison.
You resist negative energy. (rN+)
You are resistant to electric shocks. (rElec)
You are resistant to unholy torment.
You are immune to petrification.


   Skills:
 - Level 6.2(11.2) Fighting
 - Level 9.0(14.0) Axes
 - Level 1.8(6.8) Throwing
 - Level 4.6(9.6) Armour
 - Level 1.1(6.1) Dodging
 + Level 11.2(16.2) Shields
 + Level 8.5 Invocations


You had 10 spell levels left.
You didn't know any spells.
Your spell library was empty.

Inventory:

Hand Weapons
 s - a +1 hand axe of flaming
 Y - a +2 war axe (weapon)
Armour
 a - a +2 helmet of see invisible (worn)
 e - a +0 tower shield (worn)
 h - a +0 pair of gloves (worn)
 j - a +1 cloak (worn)
 k - a +0 chain mail (worn)
 q - the +3 hat of Pondering {ponderous, Will+ MP+10 Int+5}
   (You acquired it on level 4 of the Dungeon)

   Int:       It affects your intelligence (+5).
   MP:        It affects your magic capacity (+10).
   Will:      It increases your willpower.
 r - a +0 ring mail of cold resistance
 t - the +9 plate armour "Hawo Cybi" {Harm Dex+7 Slay-6}
   (You acquired it on level 5 of the Dungeon)

   Dex:       It affects your dexterity (+7).
   Slay:      It affects your accuracy & damage with ranged weapons and melee
   (-6).
   Harm:      It increases damage dealt and taken.
Jewellery
 l - a ring of see invisible
 u - a ring of protection from fire (left hand)
 v - a ring of resist corrosion (right hand)
Scrolls
 i - 3 scrolls of identify
Potions
 c - a potion of haste
 d - 2 potions of might
 f - 2 potions of resistance
 g - 3 potions of curing
 m - a potion of attraction
 o - 3 potions of lignification
 p - a potion of magic

Dungeon Overview and Level Annotations

Branches:
Dungeon (9/15)             Temple (1/1) D:4
   Lair: D:8-11         Orc: D:9-12

Altars:
Ashenzari
Cheibriados
Dithmenos
Elyvilon
Fedhas
Gozag
Hepliaklqana
Kikubaaqudgha
Makhleb
Nemelex Xobeh
Okawaru
Qazlal
Ru
Sif Muna
Trog
Uskayaw
Vehumet
Wu Jian
Yredelemnul
Zin
The Shining One

Shops:
D:6 *   D:7 *   D:8 =


Message History

You hit the cyclops but do no damage.
The cyclops is moderately wounded.
You hit the death knight but do no damage.
You block the cyclops's attack. You block the death knight's attack.
You slice the cyclops!!
The cyclops is severely wounded.
You barely miss the death knight.
The death knight hits you with a +0 broad axe!
The cyclops hits you but does no damage.
You slash the cyclops!
You kill the cyclops!
Okawaru is honoured by your kill.
You hit the death knight.
The death knight calls down the wrath of Yredelemnul upon you.
Your body is wracked with pain!
You slash the death knight!
The death knight is moderately wounded.
You block the death knight's attack.
You hit the death knight.
The death knight is moderately wounded.
You block the death knight's attack.
You hit the death knight but do no damage.
The death knight is moderately wounded.
The death knight offers itself to Yredelemnul, and fills with unholy energy.
You hit the death knight.
The death knight is heavily wounded.
The death knight reflects your damage back at you!
The death knight barely misses you.
9885 ||| READING scroll of teleportation.
As you read the scroll of teleportation, it crumbles to dust.
You feel strangely unstable. You block the death knight's attack.
You hit the death knight but do no damage.
The death knight is heavily wounded.
The death knight hits you with a +0 broad axe.
You slash the death knight!
The death knight is severely wounded.
The death knight reflects your damage back at you!
The death knight hits you with a +0 broad axe!
You die...

.........................
..#####....#####.########
..# ###..###...).## ..#
#..##C.C....## ..# #
.#...#.#...# ..#
##..#..##)##..#.# ..#
#........#.....# ..#
#...#..##(##..#W#
..######...#...#@# .#...
...........##....p..## .Y
#####......###.....##
....#......# ###.###
....#......# ..#
....#......# ###
###'#......# ...........#
.............


You could see a death knight (reflects damage).

Vanquished Creatures
  2 two-headed ogres
  A centaur warrior (D:9)
  A cyclops (D:9)
  A wraith (D:9)
  A wyvern (D:9)
  7 yaks
  An acid dragon (D:9)
  3 water moccasins
  4 orc warriors
  3 black bears
  An ice beast (D:5)
  An ogre (D:5)
  A phantom (D:5)
  5 centaurs
  A kobold brigand (D:9)
  2 bullfrogs
  A necrophage (D:7)
  4 scorpions
  A gnoll sergeant (D:5)
  12 wights
  5 killer bees (D:9)
  6 howler monkeys
  4 jellies
  2 gnoll boudas
  5 hounds
  4 orc priests
  Ijyb (D:3)
  3 iguanas
  10 orc wizards
  8 adders
  7 gnolls
  A shadow imp (D:8)
  2 white imps
  A worm (D:3)
  3 dart slugs
  35 orcs
  5 ball pythons
  5 endoplasms
  A giant cockroach (D:2)
  5 hobgoblins
  12 jackals
  7 kobolds
  6 quokkas
  5 bats
  3 frilled lizards (D:1)
  8 goblins
  3 rats
210 creatures vanquished.

Vanquished Creatures (others)
  An endoplasm (D:1)
  11 fungi (D:5)
  4 plants (D:9)
16 creatures vanquished.

Grand Total: 226 creatures vanquished

Notes
Turn   | Place    | Note
-------+----------+-------------------------------------------
     0 | D:1      | qw the Gargoyle Fighter began the quest for the Orb.
     0 | D:1      | Reached XP level 1. HP: 14/14 MP: 1/1
     0 | D:1      | 0 ||| qw: Version: 0.1-a-119-g272c26d
     0 | D:1      | 0 ||| qw: Game counter: 10642
     0 | D:1      | 0 ||| qw: Always use a shield: true
     0 | D:1      | 0 ||| qw: God list: Okawaru
     0 | D:1      | 0 ||| qw: Allow faded altars: false
     0 | D:1      | 0 ||| qw: Do Orc after D:15 true
     0 | D:1      | 0 ||| qw: Do second Lair branch before Depths: true
     0 | D:1      | 0 ||| qw: Lair rune preference: random
     0 | D:1      | 0 ||| qw: Plans: Normal, Zot, God:TSO, Crypt, Tomb, Pan,
                  | Slime, Hells, Zig, Abyss, Orb
     0 | D:1      | 0 ||| PLANNING D:1-11
   123 | D:1      | Reached XP level 2. HP: 8/19 MP: 2/2
   829 | D:1      | 829 ||| Stepping ~*~*~tactically~*~*~ (stealth).
   832 | D:1      | Reached skill level 3 in Axes
   870 | D:1      | Reached XP level 3. HP: 23/23 MP: 3/3
  1363 | D:1      | 1363 ||| UPGRADING to +0 pair of gloves.
  1368 | D:1      | 1368 ||| READING 3 scrolls labelled BEINKAM DUETI.
  1369 | D:1      | 1369 ||| READING scroll labelled YCALEN VEIMOKE.
  1370 | D:1      | 1370 ||| READING scroll labelled CAOS XUIREIZ.
  1375 | D:1      | 1375 ||| DROPPING 2 scrolls of immolation.
  1403 | D:2      | 1403 ||| DROPPING +0 club.
  1654 | D:2      | 1654 ||| Stepping ~*~*~tactically~*~*~ (stealth).
  1664 | D:2      | Identified the +8 spear "Qopumiati" {flame, rF+ Will+ Int-5
                  | Dex+4}
  2051 | D:2      | 2051 ||| Stepping ~*~*~tactically~*~*~ (hiding).
  2278 | D:2      | 2278 ||| UPGRADING to +1 cloak.
  2283 | D:2      | 2283 ||| READING scroll labelled HUWUEV ASIC.
  2284 | D:2      | 2284 ||| READING scroll labelled MIDYXK GEEV.
  2285 | D:2      | 2285 ||| DRINKING 3 yellow potions.
  2286 | D:2      | 2286 ||| DRINKING 2 emerald potions.
  2287 | D:2      | 2287 ||| READING 2 scrolls of identify.
  2287 | D:2      | 2287 ||| IDENTIFYING orange potion
  2288 | D:2      | 2288 ||| DROPPING potion of degeneration.
  2331 | D:3      | 2331 ||| Stepping ~*~*~tactically~*~*~ (stealth).
  2350 | D:3      | 2350 ||| Stepping ~*~*~tactically~*~*~ (stealth).
  2367 | D:3      | Identified the +6 hand axe "Dyum" {vorpal, Str+8}
  2369 | D:3      | 2369 ||| DROPPING +6 hand axe "Dyum" {vorpal, Str+8}.
  2394 | D:3      | Reached XP level 4. HP: 28/28 MP: 4/4
  2408 | D:3      | 2408 ||| Stepping ~*~*~tactically~*~*~ (hiding).
  2447 | D:3      | 2447 ||| Stepping ~*~*~tactically~*~*~ (stealth).
  2950 | D:3      | 2950 ||| DROPPING +0 whip.
  2992 | D:3      | Noticed Ijyb
  2993 | D:3      | 2993 ||| Stepping ~*~*~tactically~*~*~ (hiding).
  2999 | D:3      | Paralysed by Ijyb for 5 turns
  3010 | D:3      | Killed Ijyb
  3011 | D:3      | Reached XP level 5. HP: 32/32 MP: 5/5
  3066 | D:3      | Found a faded altar of an unknown god.
  3084 | D:3      | Found a radiant altar of Vehumet.
  3365 | D:3      | 3365 ||| READING scroll labelled YXTA CEOLI.
  3365 | D:3      | Identified a scroll of acquirement
  3365 | D:3      | 3365 ||| ACQUIRING +2 helmet of see invisible
  3365 | D:3      | Acquired a +2 helmet of see invisible
  3367 | D:3      | 3367 ||| UPGRADING to +2 helmet of see invisible.
  3372 | D:3      | 3372 ||| READING scroll labelled ALEYJO NISU.
  3373 | D:3      | 3373 ||| DRINKING 2 metallic amethyst potions.
  3411 | D:3      | 3411 ||| READING 2 scrolls of teleportation.
  3513 | D:4      | Found a staircase to the Ecumenical Temple.
  3514 | D:4      | 3514 ||| PLANNING TEMPLE
  3514 | D:4      | 3514 ||| STAIRDANCE
  3525 | Temple   | Entered the Ecumenical Temple
  3525 | Temple   | Found a transporter.
  3525 | Temple   | Found a transporter.
  3527 | Temple   | Found a transporter.
  3527 | Temple   | Found a transporter.
  3537 | Temple   | 3537 ||| PLANNING D:1-11
  3544 | Temple   | Became a worshipper of Warmaster Okawaru
  3826 | D:4      | 3826 ||| Stepping ~*~*~tactically~*~*~ (stealth).
  3841 | D:4      | Reached XP level 6. HP: 31/38 MP: 6/6
  3841 | D:4      | 3841 ||| FLEEEEING.
  3842 | D:4      | 3842 ||| FLEEEEING.
  3843 | D:4      | 3843 ||| FLEEEEING.
  3844 | D:4      | 3844 ||| FLEEEEING.
  3845 | D:4      | 3845 ||| FLEEEEING.
  3846 | D:4      | 3846 ||| FLEEEEING.
  3847 | D:4      | 3847 ||| FLEEEEING.
  3848 | D:4      | 3848 ||| FLEEEEING.
  3849 | D:4      | 3849 ||| FLEEEEING.
  3850 | D:4      | 3850 ||| FLEEEEING.
  3851 | D:4      | 3851 ||| FLEEEEING.
  3924 | D:4      | Found a sacrificial altar of Ru.
  3985 | D:4      | 3985 ||| Stepping ~*~*~tactically~*~*~ (stealth).
  3990 | D:4      | 3990 ||| Stepping ~*~*~tactically~*~*~ (stealth).
  4021 | D:4      | 4021 ||| DROPPING +1 whip of electrocution.
  4024 | D:4      | 4024 ||| DROPPING +0 flail.
  4042 | D:4      | 4042 ||| Stepping ~*~*~tactically~*~*~ (stealth).
  4093 | D:4      | 4093 ||| Stepping ~*~*~tactically~*~*~ (stealth).
  4101 | D:4      | Reached skill level 1 in Dodging
  4106 | D:4      | 4106 ||| READING scroll of acquirement.
  4106 | D:4      | 4106 ||| ACQUIRING +3 hat of Pondering {ponderous, Will+
                  | MP+10 Int+5}
  4106 | D:4      | Acquired the +3 hat of Pondering {ponderous, Will+ MP+10
                  | Int+5}
  4106 | D:4      | Found the +3 hat of Pondering {ponderous, Will+ MP+10
                  | Int+5}
  4118 | D:4      | 4118 ||| Stepping ~*~*~tactically~*~*~ (stealth).
  4119 | D:4      | 4119 ||| Stepping ~*~*~tactically~*~*~ (stealth).
  4129 | D:4      | 4129 ||| Stepping ~*~*~tactically~*~*~ (stealth).
  4580 | D:4      | 4580 ||| UPGRADING to +0 ring mail of cold resistance.
  4590 | D:4      | 4590 ||| READING scroll labelled EVVOST DOG NECO.
  4591 | D:4      | 4591 ||| READING scroll labelled XOMO HEGONLU.
  4592 | D:4      | 4592 ||| READING scroll labelled GIFFUG RYJOA.
  4593 | D:4      | 4593 ||| DRINKING 2 golden potions.
  4630 | D:5      | Entered Level 5 of the Dungeon
  4675 | D:5      | 4675 ||| Stepping ~*~*~tactically~*~*~ (stealth).
  4677 | D:5      | 4677 ||| Stepping ~*~*~tactically~*~*~ (stealth).
  4717 | D:5      | Reached * piety under Okawaru
  4770 | D:5      | 4770 ||| INVOKING Heroism.
  4780 | D:5      | Reached skill level 6 in Axes
  4780 | D:5      | Reached skill level 1 in Invocations
  4780 | D:5      | Reached XP level 7. HP: 31/43 MP: 4/8
  4883 | D:5      | Found Zin's Purification Station.
  4886 | D:5      | Found a glowing silver altar of Zin.
  4889 | D:5      | 4889 ||| BUYING potion of curing (90 gold).
  4889 | D:5      | Bought a potion of curing for 90 gold pieces
  4904 | D:5      | 4904 ||| INVOKING Heroism.
  5138 | D:5      | Reached skill level 3 in Invocations
  5392 | D:5      | Reached XP level 8. HP: 42/48 MP: 10/10
  5394 | D:5      | 5394 ||| Stepping ~*~*~tactically~*~*~ (stealth).
  5434 | D:5      | 5434 ||| READING scroll of acquirement.
  5434 | D:5      | 5434 ||| ACQUIRING +9 plate armour "Hawo Cybi" {Harm Dex+7
                  | Slay-6}
  5434 | D:5      | Acquired the +9 plate armour "Hawo Cybi" {Harm Dex+7
                  | Slay-6}
  5436 | D:5      | 5436 ||| DROPPING +0 scale mail.
  5449 | D:5      | 5449 ||| UPGRADING to +0 tower shield.
  5450 | D:5      | 5450 ||| UPGRADING to +0 tower shield.
  5453 | D:5      | 5453 ||| UPGRADING to +0 tower shield.
  5455 | D:5      | 5455 ||| Stepping ~*~*~tactically~*~*~ (hiding).
  5461 | D:5      | 5461 ||| INVOKING Heroism.
  5482 | D:5      | 5482 ||| INVOKING Heroism.
  5484 | D:5      | Reached ** piety under Okawaru
  5551 | D:5      | 5551 ||| UPGRADING to +0 tower shield.
  5561 | D:5      | 5561 ||| DROPPING +0 buckler.
  5562 | D:5      | 5562 ||| UPGRADING to +9 plate armour "Hawo Cybi" {Harm
                  | Dex+7 Slay-6}.
  5611 | D:5      | Identified the +3 dagger of the Globe {venom, Fragile Fly
                  | rF+ Str+3}
  6009 | D:5      | 6009 ||| Stepping ~*~*~tactically~*~*~ (stealth).
  6014 | D:5      | 6014 ||| INVOKING Heroism.
  6020 | D:5      | Reached skill level 4 in Shields
  6026 | D:5      | 6026 ||| INVOKING Heroism.
  6031 | D:5      | Reached skill level 5 in Shields
  6069 | D:5      | 6069 ||| Stepping ~*~*~tactically~*~*~ (stealth).
  6072 | D:5      | 6072 ||| Stepping ~*~*~tactically~*~*~ (stealth).
  6073 | D:5      | 6073 ||| Stepping ~*~*~tactically~*~*~ (stealth).
  6074 | D:5      | 6074 ||| Stepping ~*~*~tactically~*~*~ (stealth).
  6077 | D:5      | 6077 ||| Stepping ~*~*~tactically~*~*~ (stealth).
  6078 | D:5      | 6078 ||| FLEEEEING.
  6082 | D:5      | 6082 ||| DRINKING 4 potions of curing.
  6082 | D:5      | 6082 ||| (to cure confusion)
  6086 | D:5      | Reached skill level 6 in Shields
  6100 | D:5      | 6100 ||| Stepping ~*~*~tactically~*~*~ (stealth).
  6102 | D:5      | 6102 ||| INVOKING Heroism.
  6140 | D:5      | 6140 ||| Stepping ~*~*~tactically~*~*~ (stealth).
  6186 | D:5      | 6186 ||| READING 4 scrolls labelled GIC JIPNAGGECS.
  6187 | D:5      | 6187 ||| READING 2 scrolls of identify.
  6187 | D:5      | 6187 ||| IDENTIFYING cyan potion
  6188 | D:5      | 6188 ||| DROPPING 3 scrolls of vulnerability.
  6235 | D:6      | Found a broken altar of Ashenzari.
  6337 | D:6      | 6337 ||| Stepping ~*~*~tactically~*~*~ (hiding).
  6343 | D:6      | Reached skill level 7 in Shields
  6343 | D:6      | Reached XP level 9. HP: 54/54 MP: 12/12
  6533 | D:6      | Found Iboytiqu's General Store.
  6551 | D:6      | Reached *** piety under Okawaru
  6566 | D:6      | 6566 ||| SHOPLISTING +1 scale mail of fire resistance (208
                  | gold, have 97).
  6568 | D:6      | 6568 ||| INVOKING Heroism.
  6827 | D:6      | 6827 ||| UPGRADING to +0 chain mail.
  6837 | D:6      | 6837 ||| READING scroll labelled CITUQYS QIWA.
  6838 | D:6      | 6838 ||| DRINKING 2 metallic grey potions.
  6939 | D:6      | 6939 ||| READING 2 scrolls of identify.
  6939 | D:6      | 6939 ||| IDENTIFYING fizzy orange potion
  6940 | D:6      | 6940 ||| DROPPING potion of berserk rage.
  6941 | D:6      | 6941 ||| DROPPING potion of ambrosia.
  6982 | D:7      | 6982 ||| INVOKING Heroism.
  6993 | D:7      | Reached skill level 8 in Shields
  7083 | D:7      | 7083 ||| Stepping ~*~*~tactically~*~*~ (stealth).
  7085 | D:7      | 7085 ||| INVOKING Heroism.
  7114 | D:7      | 7114 ||| Stepping ~*~*~tactically~*~*~ (hiding).
  7115 | D:7      | 7115 ||| Stepping ~*~*~tactically~*~*~ (hiding).
  7116 | D:7      | 7116 ||| INVOKING Heroism.
  7231 | D:7      | Reached skill level 9 in Shields
  7232 | D:7      | 7232 ||| INVOKING Heroism.
  7334 | D:7      | 7334 ||| Stepping ~*~*~tactically~*~*~ (stealth).
  7337 | D:7      | 7337 ||| INVOKING Heroism.
  7352 | D:7      | 7352 ||| INVOKING Heroism.
  7363 | D:7      | Reached skill level 10 in Shields
  7474 | D:7      | Found Lariot's General Store.
  7708 | D:7      | 7708 ||| UPGRADING to ring of protection from fire.
  7735 | D:8      | 7735 ||| INVOKING Heroism.
  7738 | D:8      | 7738 ||| STAIRDANCE
  7748 | D:7      | Reached skill level 1 in Throwing
  7750 | D:8      | 7750 ||| STAIRDANCE
  7760 | D:7      | Reached XP level 10. HP: 47/59 MP: 13/13
  7828 | D:8      | 7828 ||| INVOKING Heroism.
  7834 | D:8      | Reached skill level 11 in Shields
  7835 | D:8      | Reached **** piety under Okawaru
  7843 | D:8      | 7843 ||| STAIRDANCE
  7987 | D:8      | 7987 ||| INVOKING Heroism.
  8089 | D:8      | 8089 ||| Stepping ~*~*~tactically~*~*~ (stealth).
  8091 | D:8      | 8091 ||| Stepping ~*~*~tactically~*~*~ (stealth).
  8147 | D:8      | Noticed a two-headed ogre
  8148 | D:8      | 8148 ||| INVOKING Heroism.
  8158 | D:8      | Killed a two-headed ogre
  8174 | D:8      | HP: 8/59 [orc warrior/+0 halberd (16)]
  8175 | D:8      | 8175 ||| READING 3 scrolls of teleportation.
  8177 | D:8      | Reached ***** piety under Okawaru
  8180 | D:8      | 8180 ||| READING 2 scrolls of teleportation.
  8181 | D:8      | 8181 ||| INVOKING Heroism.
  8444 | D:8      | Found Umoddatu's Jewellery Shop.
  8447 | D:8      | 8447 ||| SHOPLISTING +4 ring of protection (504 gold, have
                  | 234).
  8447 | D:8      | 8447 ||| SHOPLISTING +6 ring of strength (504 gold, have
                  | 234).
  8447 | D:8      | 8447 ||| SHOPLISTING amulet of the acrobat (420 gold, have
                  | 234).
  8447 | D:8      | 8447 ||| SHOPLISTING ring of protection from fire (350
                  | gold, have 234).
  8479 | D:8      | 8479 ||| INVOKING Heroism.
  8541 | D:8      | 8541 ||| Stepping ~*~*~tactically~*~*~ (stealth).
  8556 | D:8      | 8556 ||| Stepping ~*~*~tactically~*~*~ (hiding).
  8697 | D:8      | 8697 ||| READING scroll of enchant weapon.
  8697 | D:8      | 8697 ||| ENCHANTING +1 war axe.
  8765 | D:8      | Identified the +2 whip "Haemougruth" {venom, rN+}
  8891 | D:8      | 8891 ||| READING 3 scrolls of identify.
  8891 | D:8      | 8891 ||| IDENTIFYING murky purple potion
  8922 | D:7      | 8922 ||| SHOPLISTING amulet of regeneration (300 gold, have
                  | 270).
  8922 | D:7      | 8922 ||| BUYING ring of resist corrosion (200 gold).
  8922 | D:7      | Bought a ring of resist corrosion for 200 gold pieces
  8922 | D:7      | 8922 ||| SHOPLISTING scroll of enchant armour (75 gold,
                  | have 70).
  8922 | D:7      | 8922 ||| UPGRADING to ring of resist corrosion.
  8989 | D:9      | 8989 ||| INVOKING Heroism.
  9101 | D:9      | Noticed a two-headed ogre
  9102 | D:9      | 9102 ||| INVOKING Heroism.
  9109 | D:9      | Killed a two-headed ogre
  9110 | D:9      | Reached skill level 6 in Fighting
  9110 | D:9      | Reached skill level 6 in Invocations
  9153 | D:9      | 9153 ||| INVOKING Heroism.
  9158 | D:9      | 9158 ||| Stepping ~*~*~tactically~*~*~ (stealth).
  9185 | D:9      | 9185 ||| Stepping ~*~*~tactically~*~*~ (stealth).
  9187 | D:9      | 9187 ||| INVOKING Heroism.
  9215 | D:9      | 9215 ||| Stepping ~*~*~tactically~*~*~ (stealth).
  9216 | D:9      | 9216 ||| Stepping ~*~*~tactically~*~*~ (stealth).
  9217 | D:9      | 9217 ||| Stepping ~*~*~tactically~*~*~ (stealth).
  9219 | D:9      | 9219 ||| INVOKING Heroism.
  9367 | D:9      | Noticed a centaur warrior
  9368 | D:9      | 9368 ||| Stepping ~*~*~tactically~*~*~ (hiding).
  9378 | D:9      | Killed a centaur warrior
  9379 | D:9      | Reached XP level 11. HP: 56/64 MP: 16/16
  9463 | D:9      | 9463 ||| Stepping ~*~*~tactically~*~*~ (stealth).
  9467 | D:9      | 9467 ||| INVOKING Heroism.
  9698 | D:9      | Reached skill level 9 in Axes
  9732 | D:9      | 9732 ||| Stepping ~*~*~tactically~*~*~ (stealth).
  9797 | D:9      | 9797 ||| Stepping ~*~*~tactically~*~*~ (stealth).
  9798 | D:9      | 9798 ||| Stepping ~*~*~tactically~*~*~ (stealth).
  9800 | D:9      | 9800 ||| INVOKING Heroism.
  9809 | D:9      | 9809 ||| Stepping ~*~*~tactically~*~*~ (stealth).
  9852 | D:9      | Noticed a cyclops
  9853 | D:9      | 9853 ||| Stepping ~*~*~tactically~*~*~ (stealth).
  9863 | D:9      | 9863 ||| Stepping ~*~*~tactically~*~*~ (stealth).
  9866 | D:9      | 9866 ||| Stepping ~*~*~tactically~*~*~ (stealth).
  9869 | D:9      | 9869 ||| Stepping ~*~*~tactically~*~*~ (stealth).
  9869 | D:9      | Noticed a death knight
  9873 | D:9      | 9873 ||| INVOKING Heroism.
  9880 | D:9      | Killed a cyclops
  9884 | D:9      | HP: 14/64 [mirror damage (4)]
  9885 | D:9      | 9885 ||| READING scroll of teleportation.
  9887 | D:9      | HP: 1/64 [mirror damage (11)]
  9887 | D:9      | Mangled by a death knight

Levels and vault maps discovered:
D:1:      ebering_hopf_link, layout_loops_corners, nrook_campfire,
          lemuel_old_faithful
D:2:      layout_basic, nrook_loot_triangle, minmay_pentomino_s2
D:3:      minmay_skewed_foursquare, layout_loops_ring, fiery_altar_vehumet,
          ebering_ecumenical_altar_box, uniq_ijyb
D:4:      layout_loops_cross, nicolae_ru_sacrificial_ziggurat,
          minmay_temple_entry_large_hall
D:5:      layout_basic, zin_purify, serial_aquarium,
          aquarium_bridge_long_separate [aquarium_subvault_bridge,
          aquarium_subvault_bridge, aquarium_subvault_bridge,
          aquarium_subvault_bridge, aquarium_subvault_window,
          aquarium_subvault_balcony], aquarium_window_2, aquarium_window_fake,
          aquarium_view_2e, aquarium_view_2c, minmay_fractal_squares_diagonal_5
D:6:      layout_basic, evilmike_ruin_ashenzari, serial_shops, shop,
          hangedman_abyss_or_decor_stabs
D:7:      layout_rooms, serial_shops, nicolae_take_the_stairs,
          corexii_corridor_pit
D:8:      layout_basic, serial_shops, nicolae_shop_behind_doors
D:9:      minmay_the_grid_3x3 [minmay_the_grid_minigrid_large,
          minmay_the_grid_expand, minmay_the_grid_plusring,
          minmay_the_grid_slots, minmay_the_grid_paths, minmay_the_grid_garden,
          minmay_the_grid_minigrid_medium, minmay_the_grid_fan,
          minmay_the_grid_prize_shrinking_boxes], layout_irregular_city,
          minmay_librarian
Temple:   hellmonk_temple_divided_pantheon

Skill      XL: |  1  2  3  4  5  6  7  8  9 10 11 |
---------------+----------------------------------+-----
Axes           | 2 3 4 5 6 7 8 9 |  9.0
Fighting       | 4 5 6 |  6.2
Dodging        | 1 |  1.1
Invocations    | 1 3 4 7 8 |  8.5
Shields        | 7 10 11 | 11.2
Armour         | 4 |  4.6
Throwing       | 1 |  1.8

Action                   |  1- 3 |  4- 6 |  7- 9 | 10-12 || total
-------------------------+-------+-------+-------+-------++-------
Melee: War axe           |   109 |   179 |   303 |   224 ||   815
Throw: Boomerang         |       |     3 |    21 |    16 ||    40
Invok: Heroism           |       |     1 |    14 |    13 ||    28
  Use: Scroll            |     6 |     7 |     5 |     5 ||    23
       Potion            |     2 |     2 |     2 |       ||     6
Armor: Scale mail        |    60 |    81 |       |       ||   141
       Ring mail         |       |    18 |    42 |       ||    60
       Plate armour      |       |       |    95 |       ||    95
       Chain mail        |       |       |    65 |   117 ||   182
Dodge: Dodged            |    60 |    60 |    88 |    67 ||   275
Block: Buckler           |    31 |    33 |    15 |       ||    79
       Tower shield      |       |       |   238 |   226 ||   464

Table legend:
 A = Non-vault XP
 B = Vault XP
 C = Vault XP percentage of total XP
 D = Non-vault monster count
 E = Vault monster count
 F = Vault count percentage of total count
                 A         B        C        D         E       F
            +---------+---------+-------+---------+---------+-------
      Total |    7772 |    3410 |  30.5 |     179 |      31 |  14.8
            +---------+---------+-------+---------+---------+-------
        D:1 |      40 |       0 |   0.0 |      23 |       0 |   0.0
        D:2 |      33 |       2 |   5.7 |      11 |       1 |   8.3
        D:3 |      66 |      42 |  38.9 |      14 |       5 |  26.3
        D:4 |     303 |       0 |   0.0 |      33 |       0 |   0.0
        D:5 |    1078 |     646 |  37.5 |      29 |      10 |  25.6
        D:6 |     316 |       0 |   0.0 |       7 |       0 |   0.0
        D:7 |    2132 |       0 |   0.0 |      28 |       0 |   0.0
        D:8 |    2108 |       0 |   0.0 |      22 |       0 |   0.0
        D:9 |    1696 |    2720 |  61.6 |      12 |      15 |  55.6
            +---------+---------+-------+---------+---------+-------
